 Dungeon Crawl Stone Soup version 0.30.1-9-gdf580d7c3d (webtiles) character file.

Game seed: 5287457342608107437

235 arthad the Trooper (level 6, -4/33 HPs)
             Began as a Vine Stalker Berserker on Sept 30, 2023.
             Was a Believer of Trog.
             Killed by divine providence
             ... invoked by an orc priest
              (5 damage)
             ... on level 4 of the Dungeon.
             The game lasted 00:05:04 (2531 turns).

arthad the Trooper (Vine Stalker Berserker)         Turns: 2531, Time: 00:05:06

Health: -4/33      AC:  3    Str: 22    XL:     6   Next: 5%
Magic:  0/7        EV: 12    Int:  7    God:    Trog [**....]
Gold:   197        SH:  0    Dex: 13    Spells: 5/5 levels left

rFire   . . .        a - +0 hand axe
rCold   . . .        (no shield)
rNeg    . . .        b - +0 animal skin
rPois   .            (no helmet)
rElec   .            (no cloak)
rCorr   .            n - +0 pair of gloves
SInv    +            (no boots)
Will    .....        h - amulet of reflection
Stlth   +            s - ring of see invisible
HPRegen 1.05/turn    (no ring)
MPRegen 0.10/turn

%: reflection, guardian spirit
@: confused, ambrosia-drunk
A: fangs 2, regeneration 1, magic shield, antimagic bite, no potion heal 2
a: Renounce Religion, Berserk, Trog's Hand


You were on level 4 of the Dungeon.
You worshipped Trog.
Trog was pleased with you.
You visited 1 branch of the dungeon, and saw 4 of its levels.

You collected 197 gold pieces.

Inventory:

Hand Weapons
 a - a +0 hand axe (weapon)
Armour
 b - a +0 animal skin (worn)
 n - a +0 pair of gloves (worn)
Jewellery
 h - an amulet of reflection (around neck)
 s - a ring of see invisible (left hand)
Scrolls
 d - a scroll of acquirement {unknown}
 e - a scroll of blinking {unknown}
 f - a scroll of teleportation {unknown}
 i - a scroll of noise {unknown}
 j - a scroll of enchant weapon {unknown}
 k - a scroll of magic mapping {unknown}
 r - 3 scrolls of identify {unknown}
Potions
 c - 3 potions of heal wounds
 l - a potion of magic {unknown}
 m - 2 potions of haste {unknown}
 o - a potion of might {unknown}
 p - a potion of mutation {unknown}
 q - a potion of flight {unknown}
 t - 2 potions of curing {unknown}


   Skills:
 + Level 3.8 Fighting
 + Level 3.7 Axes
 + Level 2.8 Armour
 + Level 2.8 Dodging


You had 5 spell levels left.
You didn't know any spells.
Your spell library contained the following spells:

 Spells                   Type           Power      Damage    Failure   Level
 Ensorcelled Hibernation  Hex/Ice        0%         N/A       56%         2
 Inner Flame              Hex/Fire       0%         N/A       80%         3
 Spider Form              Tmut/Pois      0%         N/A       80%         3
 Anguish                  Hex/Necr       0%         N/A       99%         4
 Alistair's Intoxication  Tmut/Pois      0%         N/A       100%        5
 Borgnjor's Vile Clutch   Necr/Erth      0%         N/A       100%        5
 Yara's Violent Unravell  Hex/Tmut       0%         3d3       100%        5
 Eringya's Noxious Bog    Tmut/Pois      0%         N/A       100%        6
 Enfeeble                 Hex            0%         N/A       100%        7


Dungeon Overview and Level Annotations

Branches:
Dungeon (4/15)
 Temple: D:4-7

Altars:
Xom
The Shining One

Shops:
D:2 (


Innate Abilities, Weirdness & Mutations

You have extremely sharp teeth.
Your natural rate of healing is unusually fast.
When hurt, damage is shared between your health and your magic reserves.
Your bite disrupts and absorbs the magic of your enemies.
Potions cannot restore your health.


Message History

You miss the orc priest.
The orc priest is moderately wounded.
You hit the orc wizard but do no damage.
You hit the orc. You hit the orc wizard.
You feel less invigorated. The orc hits you with a +0 mace.
* * * LOW HITPOINT WARNING * * *
The orc wizard points at you and mumbles some strange words.
You are more confused.
The orc priest hits you with a +0 falchion.
* * * LOW HITPOINT WARNING * * *
The orc wizard barely misses you.
You barely miss the orc wizard. You bite the orc wizard.
The orc wizard's magic leaks into the air.
You drain its magic.
You feel invigorated.
The orc wizard is severely wounded.
You hit the orc wizard but do no damage.
You closely miss the orc. You hit the orc priest.
The orc hits you with a +0 mace.
* * * LOW HITPOINT WARNING * * *
The orc wizard misses you.
The orc priest hits you with a +0 falchion.
* * * LOW HITPOINT WARNING * * *
The orc wizard misses you.
Okay, then.
You are more confused.
Your system rejects the healing.
You feel invigorated. The orc misses you.
The orc wizard hits you with a +0 dagger.
The orc wizard falters for a moment.
The orc priest hits you with a +0 falchion.
* * * LOW HITPOINT WARNING * * *
You hit the orc priest.
The orc priest is almost dead.
You closely miss the orc. You barely miss the orc wizard.
You hit the orc wizard. The orc closely misses you.
The orc wizard hits you with a +0 dagger.
* * * LOW HITPOINT WARNING * * *
The orc wizard falters for a moment.
The orc priest mumbles some strange prayers to Beogh against you.
Beogh smites you!
You die...

.#. ..# ..
#.... #.# ...
#....#
#.###....
##....##...#...
.......#.....#
............ #
#.....oo##.#.#.
#.....o@.......
#.).).o.....##.
........#######
.........
..........
......#.#.#
.....##?###
..... ... .....
...


You could see an orc priest, 2 orc wizards and an orc.

Vanquished Creatures
  A phantom (D:3)
  Jessica (D:2)
  5 adders
  2 worms (D:2)
  8 orcs
  6 endoplasms
  5 giant cockroaches
  7 goblins
  8 hobgoblins
  5 jackals
  2 quokkas
  4 ball pythons
  3 bats
  4 frilled lizards
  3 kobolds
  4 rats
68 creatures vanquished.

Notes
Turn   | Place    | Note
-------+----------+-------------------------------------------
     0 | D:1      | arthad the Vine Stalker Berserker began the quest for the
                  | Orb.
     0 | D:1      | Reached XP level 1. HP: 11/11 MP: 2/2
    30 | D:1      | Found a faded altar of an unknown god.
   110 | D:1      | Reached XP level 2. HP: 16/16 MP: 3/3
   520 | D:1      | Reached XP level 3. HP: 20/20 MP: 4/4
   907 | D:2      | Reached ** piety under Trog
  1084 | D:2      | Found Qekautwy's Weapon Boutique.
  1285 | D:2      | Noticed Jessica
  1289 | D:2      | Killed Jessica
  1290 | D:2      | Gained mutation: Your natural rate of healing is unusually
                  | fast. [Vine Stalker growth]
  1290 | D:2      | Reached XP level 4. HP: 20/24 MP: 3/5
  1747 | D:3      | Reached XP level 5. HP: 28/28 MP: 6/6
  1765 | D:3      | Found a shimmering altar of Xom.
  1765 | D:3      | Found a glowing golden altar of the Shining One.
  1912 | D:3      | Noticed a phantom
  1934 | D:3      | Killed a phantom
  2021 | D:3      | Reached XP level 6. HP: 29/33 MP: 7/7
  2529 | D:4      | HP: 1/33 [orc priest/+0 falchion (1)]
  2531 | D:4      | Killed from afar by an orc priest

Illustrated notes

Levels and vault maps discovered:
D:1:      minmay_arrival_stair_chambers, layout_basic,
          shapermc_ecumenical_altar_acropolis
D:2:      layout_loops_ring, serial_shops, shop, uniq_jessica
D:3:      layout_loops_corners, gammafunk_temple_overflow_wave,
          kennysheep_cluttered_room
D:4:      minmay_angry_zag, layout_cave_pools, minmay_temple_entry_hall,
          hellmonk_ghost_happy_afterlife, minmay_parallelograms, uniq_menkaure

Skill      XL: |  1  2  3 |
---------------+----------+-----
Fighting       | 3 |  3.8
Axes           | 3 |  3.7
Armour         | 2 |  2.8
Dodging        | 2 |  2.8

Action                     |  1- 3 |  4- 6 || total
---------------------------+-------+-------++-------
  Melee: Hand axe          |    95 |    98 ||   193
         Bite              |    19 |    29 ||    48
         Punch             |     2 |     2 ||     4
 Invoke: Berserk           |     1 |       ||     1
    Use: Potion            |       |     3 ||     3
   Stab: Sleeping          |     3 |     1 ||     4
 Armour: Animal skin       |     8 |    21 ||    29
  Dodge: Dodged            |    51 |    46 ||    97
  Block: Other             |    15 |    22 ||    37
